 Dungeon Crawl Stone Soup version 0.19-a0-1686-g35356ef (webtiles) character file.

618 Flanowski the Insei (level 7, -14/33 HPs)
             Began as a Vine Stalker Transmuter on Sept 25, 2016.
             Demolished by an orc warrior
             ... wielding a +0 glaive
              (25 damage)
             ... on level 5 of the Dungeon.
             The game lasted 00:08:33 (3785 turns).

Flanowski the Insei (Vine Stalker Transmuter)       Turns: 3785, Time: 00:08:37

Health: -14/33     AC:  3    Str: 13    XL:     7   Next: 45%
Magic:  0/14       EV: 20    Int: 13    God:
Gold:   210        SH:  0    Dex: 21    Spells: 3 memorised, 8 levels left

rFire  . . .     SeeInvis .       - Unarmed
rCold  . . .     Gourm    .     (armour currently unavailable)
rNeg   . . .     Faith    .     (shield currently unavailable)
rPois  x         Spirit   +     (helmet currently unavailable)
rElec  .         Dismiss  .     (cloak currently unavailable)
rCorr  .         Reflect  .     (gloves currently unavailable)
MR     .....     Harm     .     (boots currently unavailable)
Stlth  ++........               (no amulet)
                                (no ring)
                                k - ring of flight

@: spider-form
A: (fangs 0), regeneration 1, magic shield, (antimagic bite), no device heal 3,
rot immunity
a: End Transformation, Evoke Flight


You were on level 5 of the Dungeon.
You were hungry.
You were a venomous arachnid creature.
You visited 1 branch of the dungeon, and saw 5 of its levels.

You collected 210 gold pieces.

Inventory:

Missiles
 a - 29 arrows (quivered)
Armour
 b - a +0 robe (melded)
 n - a +0 cloak (melded)
Jewellery
 k - a ring of flight (left front leg)
Wands
 u - a wand of teleportation (3/9)
Scrolls
 f - 2 scrolls of fog {unknown}
 g - 5 scrolls of identify {unknown}
 i - a scroll of teleportation {unknown}
 o - 4 scrolls of remove curse {unknown}
 q - a scroll of random uselessness {unknown}
Potions
 e - 5 potions of curing {unknown}
 j - 3 potions of mutation {unknown}
 l - 2 potions of berserk rage {unknown}
 m - a potion of haste {unknown}
 p - a potion of ambrosia {unknown}
 t - 2 potions of brilliance {unknown}
 v - a potion of resistance {unknown}
 z - 2 potions of might {unknown}
Books
 c - a book of Changes

   Spells                             Type                      Level
   a - Beastly Appendage              Transmutation                1
   b - Sticks to Snakes               Transmutation                2
   c - Spider Form                    Transmutation/Poison         3
   d - Ice Form                       Ice/Transmutation            4
   e - Blade Hands                    Transmutation                5
 w - a book of Transfigurations

   Spells                             Type                      Level
   a - Irradiate                      Conjuration/Transmutation    5
   b - Statue Form                    Transmutation/Earth          6
   c - Hydra Form                     Transmutation                6
   d - Dragon Form                    Transmutation                7
Comestibles
 d - 6 bread rations
 h - a slice of pizza
 r - 2 meat rations
 s - a beef jerky
 x - 7 chunks of flesh


   Skills:
 + Level 1.2 Fighting
 + Level 2.2 Dodging
 * Level 6.1 Unarmed Combat
 + Level 4.0 Spellcasting
 * Level 4.2 Transmutations


You had 8 spell levels left.
You knew the following spells:

 Your Spells              Type           Power        Failure   Level  Hunger
a - Beastly Appendage     Tmut           ##....       14%         1    None
b - Sticks to Snakes      Tmut           ##......     21%         2    ##.....
c - Spider Form           Tmut/Pois      #.........   50%         3    ###....


Dungeon Overview and Level Annotations

Branches:
Dungeon (5/15)
 Temple: D:4-7

Altars:
Qazlal
Zin


Innate Abilities, Weirdness & Mutations

((You have extremely sharp teeth.))
Your natural rate of healing is unusually fast.
When hurt, damage is shared between your health and your magic reserves.
((Your bite disrupts and absorbs the magic of your enemies.))
Potions and wands cannot restore your health.
You are immune to rotting.


Message History

Confirm with . or Enter, or press ? or * to list all spells.
You create a snake!
You now have 29 arrows.
Your adder bites the orc.
The orc closely misses your adder.
Your ball python bites the orc.
The orc dies!
Casting: Sticks to Snakes
Confirm with . or Enter, or press ? or * to list all spells.
You turn into a venomous arachnid creature.
Your +0 cloak melds into your body.
Your +0 robe melds into your body.
You swap places.
The orc warrior hits you with a glaive!!
Ouch! That really hurt!
Your ball python bites the orc.
Your ball python grabs the orc.
Your ball python constricts the orc.
You hit the orc warrior.
The orc warrior is poisoned.
The orc warrior is lightly wounded.
The orc barely misses you.
Your ball python bites the orc.
Your ball python constricts the orc.
Your adder misses the orc warrior.
The orc warrior hits you with a glaive!!
Ouch! That really hurt!
You die...

....#.#
######....#.#
#...[.###
##.#...######
#..#....######
#..........#
#.#####......#
#..........#
...§###......#
#..........#
....#........#
##.##########
._....##########(.#
....### #.....S.#
...§# #....SsS#
#.### #....oo.#
...# #.......#
...## #.......#
....# #.......#
....# #.......#
###..# #........
#... #........ ##.#


You could see an orc warrior, an orc, 2 friendly adders and a friendly ball
python.

Vanquished Creatures
  2 howler monkeys (D:4)
  3 hounds
  Natasha (thrice) (D:2)
  4 orc wizards
  An iguana (D:5)
  3 worker ants
  2 hound skeletons
  A worker ant zombie (D:5)
  3 adders
  2 oozes
  4 worms (D:3)
  3 dart slugs
  A leopard gecko (D:5)
  17 orcs
  3 giant cockroaches
  13 goblins
  7 hobgoblins
  8 jackals
  3 quokkas
  A ball python (D:3)
  10 bats
  6 frilled lizards
  8 kobolds
  A quokka skeleton (D:4)
  7 rats
116 creatures vanquished.

Vanquished Creatures (collateral kills)
  2 orcs
2 creatures vanquished.

Grand Total: 118 creatures vanquished

Notes
Turn   | Place    | Note
-------+----------+-------------------------------------------
     0 | D:1      | Flanowski the Vine Stalker Transmuter began the quest for the Orb.
     0 | D:1      | Reached XP level 1. HP: 9/9 MP: 4/4
    98 | D:1      | Reached XP level 2. HP: 7/14 MP: 4/6
   392 | D:1      | Reached XP level 3. HP: 14/17 MP: 5/7
   972 | D:2      | Noticed Natasha
  1105 | D:2      | Killed Natasha
  1105 | D:2      | Reached skill level 4 in Unarmed Combat
  1105 | D:2      | Gained mutation: Your natural rate of healing is unusually fast. [Vine Stalker growth]
  1105 | D:2      | Reached XP level 4. HP: 14/21 MP: 9/9
  1211 | D:2      | Learned a level 2 spell: Sticks to Snakes
  1215 | D:2      | Learned a level 3 spell: Spider Form
  1252 | D:2      | Noticed Natasha
  1260 | D:2      | Killed Natasha
  1377 | D:2      | Noticed Natasha
  1388 | D:2      | Killed Natasha
  1388 | D:2      | Reached skill level 1 in Fighting
  1388 | D:2      | Reached XP level 5. HP: 23/25 MP: 3/10
  1632 | D:2      | Found a glowing silver altar of Zin.
  2199 | D:3      | Reached skill level 5 in Unarmed Combat
  2493 | D:3      | Reached XP level 6. HP: 24/30 MP: 9/12
  3176 | D:4      | Reached XP level 7. HP: 33/33 MP: 13/13
  3434 | D:5      | Entered Level 5 of the Dungeon
  3469 | D:5      | Found a stormy altar of Qazlal.
  3568 | D:5      | Reached skill level 6 in Unarmed Combat
  3785 | D:5      | Demolished by an orc warrior

Vault maps used:
D:1:      lightli_molten_gateway, lemuel_flame_loot_1
D:2:      zin_treasury, first_bread, uniq_natasha
D:4:      mrwooster_statue_mirror
D:5:      grunt_qazlal_clouds

Skill      XL: |  1  2  3  4  5  6  7 |
---------------+----------------------+-----
Unarmed Combat | 4 5 6 |  6.1
Spellcasting   | 3 4 |  4.0
Fighting       | 1 |  1.2
Transmutations | 3 4 |  4.2
Dodging        | 2 |  2.2

Action                   |  1- 3 |  4- 6 |  7- 9 || total
-------------------------+-------+-------+-------++-------
Melee: Unarmed           |    88 |   238 |    68 ||   394
       Bite              |    17 |    57 |    12 ||    86
       Kick              |     7 |    28 |     7 ||    42
       Headbutt          |    10 |     4 |     8 ||    22
       Punch             |     1 |     6 |       ||     7
 Cast: Beastly Appendage |    25 |    37 |    11 ||    73
       Sticks to Snakes  |       |    14 |     6 ||    20
       Spider Form       |       |     1 |     2 ||     3
 Stab: Sleeping          |     3 |     1 |     1 ||     5
       Distracted        |       |     1 |       ||     1
  Eat: Bread ration      |     1 |       |       ||     1
       Chunk             |       |     5 |     2 ||     7
Armor: Robe              |    14 |    49 |     9 ||    72
Dodge: Dodged            |    32 |   148 |    44 ||   224
